 Dungeon Crawl Stone Soup version 0.24-a0-274-gb3763e6 (webtiles) character file.

Game seed: 4682923051535251583

409 Lanoc the Slasher (level 6, -2/56 HPs)
             Began as a Draconian Monk on Apr 26, 2019.
             Was a Believer of Wu Jian.
             Slain by Duvessa
             ... wielding a +0 short sword
              (5 damage)
             ... on level 4 of the Dungeon.
             The game lasted 00:08:58 (4086 turns).

Lanoc the Slasher (Draconian Monk)                  Turns: 4086, Time: 00:08:58

Health: -2/56      AC:  7    Str: 11 (13) XL:     6   Next: 58%
Magic:  6/6        EV: 14    Int: 13 (16) God:    Wu Jian [**....]
Gold:   120        SH:  0    Dex: 15 (18) Spells: 4/5 levels left

rFire    . . .     SeeInvis .   a - +0 falchion
rCold    . . .     Gourm    .   (no shield)
rNeg     . . .     Faith    .   (armour unavailable)
rPois    .         Spirit   .   (helmet restricted)
rElec    .         Reflect  .   j - +0 cloak
rCorr    .         Harm     .   (no gloves)
MR       +....                  (no boots)
Stlth    ++........             (no amulet)
HPRegen  0.18/turn              g - +3 ring of dexterity
MPRegen  0.10/turn              e - ring of protection from magic

@: brilliant, hasted, very quick
A: unfitting armour, cold-blooded, AC +6
a: Wall Jump, Renounce Religion


You were on level 4 of the Dungeon.
You worshipped Wu Jian.
Wu Jian was pleased with you.
You were not hungry.

You visited 1 branch of the dungeon, and saw 4 of its levels.
You also visited: Sewer.

You collected 120 gold pieces.

Inventory:

Hand Weapons
 a - a +0 falchion (weapon)
 l - a +0 blowgun
Missiles
 k - 7 curare-tipped needles
Armour
 j - a +0 cloak (worn)
Jewellery
 e - a ring of protection from magic (right hand)
 g - a +3 ring of dexterity (left hand)
Wands
 d - a wand of acid (4)
Scrolls
 c - 3 scrolls of amnesia
 i - a scroll of magic mapping {unknown}
 m - a scroll of fear {unknown}
Comestibles
 b - 6 rations


   Skills:
 + Level 5.0 Fighting
 * Level 5.7 Long Blades
 + Level 4.0 Dodging
 - Level 1.7 Stealth


You had 4 spell levels left.
You knew the following spells:

 Your Spells              Type           Power        Failure   Level  Hunger
a - Apportation           Tloc           #.....       3%          1    ##.....

Your spell library contained the following spells:

 Spells                   Type           Power        Failure   Level  Hunger
 Animate Skeleton         Necr           N/A          3%          1    ##.....
 Confusing Touch          Hex            #.....       3%          1    ##.....
 Magic Dart               Conj           #...         3%          1    ##.....
 Summon Small Mammal      Summ           #...         3%          1    ##.....
 Blink                    Tloc           N/A          5%          2    ###....
 Call Imp                 Summ           #.......     5%          2    ###....
 Slow                     Hex            #.......     5%          2    ###....
 Confuse                  Hex            #.......     11%         3    ####...
 Conjure Flame            Conj/Fire      #.......     11%         3    ####...
 Gell's Gravitas          Tloc           #.........   11%         3    ####...
 Mephitic Cloud           Conj/Pois/Air  #.......     11%         3    ####...
 Petrify                  Tmut/Erth      #.......     30%         4    #####..
 Metabolic Englaciation   Hex/Ice        #.........   58%         5    ######.
 Yara's Violent Unravell  Hex/Tmut       #.........   58%         5    ######.


Dungeon Overview and Level Annotations

Branches:
Dungeon (4/15)
 Temple: D:4-7

Altars:
Gozag
Wu Jian

Annotations:
D:4 Dowan, Duvessa


Innate Abilities, Weirdness & Mutations

Your plain brown scales are hard. (AC +6)
You cannot fit into any form of body armour.
You are cold-blooded and may be slowed by cold attacks.


Message History

Duvessa is severely wounded.
You hit Duvessa but do no damage.
Your tail-slap misses Duvessa.
Duvessa is severely wounded.
Duvessa closely misses you.
You riposte.
You hit Duvessa but do no damage.
Duvessa is severely wounded.
You hit Duvessa.
Duvessa is almost dead.
Duvessa hits you with a +0 short sword.
* * * LOW HITPOINT WARNING * * *
You hit Duvessa but do no damage.
Duvessa is almost dead.
You hit Duvessa but do no damage.
You tail-slap Duvessa, but do no damage.
Duvessa is almost dead.
Duvessa misses you.
You riposte.
You hit Duvessa.
Duvessa is almost dead.
You barely miss Duvessa.
Your tail-slap misses Duvessa.
Duvessa is almost dead.
Duvessa hits you with a +0 short sword.
You die...

##.......#
#........#
#........#
#........#####
##>..........##
#.......###..#
#######.# ##.#
..#.#############.#
#.. ....
#.e@..........# ##.
... #.#############
#. #.. #...# #.
#.#####.# ##
#.....#.# #
.P#.....#e# #
..'<.e..'.# #
#P$$$Pe.....###
#P$[$.......#


You could see Duvessa.

Vanquished Creatures
  An ogre (D:4)
  A crocodile (Sewer)
  2 orc priests
  A worker ant (D:3)
  A hound zombie (D:3)
  4 adders
  A river rat (D:3)
  3 oozes
  4 worms
  A dart slug (D:1)
  3 leopard geckos
  3 orcs
  7 giant cockroaches
  7 goblins
  3 hobgoblins
  5 jackals
  A quokka (D:1)
  3 ball pythons
  8 bats
  3 frilled lizards
  6 kobolds
  12 rats
80 creatures vanquished.

Vanquished Creatures (others)
  3 fungi (D:4)
  4 toadstools (D:4)
7 creatures vanquished.

Grand Total: 87 creatures vanquished

Notes
Turn   | Place    | Note
-------+----------+-------------------------------------------
     0 | D:1      | Lanoc the Draconian Monk began the quest for the Orb.
     0 | D:1      | Reached XP level 1. HP: 19/19 MP: 1/1
   206 | D:1      | Reached XP level 2. HP: 26/26 MP: 2/2
   375 | D:1      | Reached XP level 3. HP: 29/31 MP: 3/3
   639 | D:2      | Found an ornate altar of the Wu Jian Council.
   747 | D:2      | Became a worshipper of the Wu Jian Council
   747 | D:2      | Reached * piety under Wu Jian
   747 | D:2      | Reached ** piety under Wu Jian
  1442 | D:3      | Reached XP level 4. HP: 40/40 MP: 4/4
  1542 | D:3      | Found an opulent altar of Gozag.
  1735 | D:3      | Learned a level 1 spell: Apportation
  1744 | D:3      | Reached XP level 5. HP: 31/46 MP: 5/5
  1806 | D:3      | Found a glowing drain.
  1819 | Sewer    | Entered a sewer
  1900 | Sewer    | Noticed a crocodile
  1927 | Sewer    | Killed a crocodile
  1927 | Sewer    | Reached skill level 5 in Long Blades
  2926 | D:4      | Reached XP level 6. HP: 14/53 MP: 6/6
  3453 | D:4      | Noticed Duvessa
  3453 | D:4      | Noticed Dowan
  3670 | D:4      | Reached skill level 5 in Fighting
  4083 | D:4      | HP: 2/56 [Duvessa/+0 short sword (6)]
  4086 | D:4      | Slain by Duvessa

Levels and vault maps discovered:
D:1:      onia_arrival_larder, layout_rooms
D:2:      layout_loops_ring, nicolae_overflow_crystal_walls, first_ration,
          chequers_serial_rivers_micro_d
D:3:      layout_basic, lemuel_doored_altar, portal_sewer_entry_e,
          nrook_campfire
D:4:      layout_basic, minmay_gold_behind_fungi, uniq_duvessa

Skill      XL: |  1  2  3  4  5  6 |
---------------+-------------------+-----
Dodging        | 3 4 |  4.0
Long Blades    | 4 5 |  5.7
Fighting       | 4 5 |  5.0
Stealth        | |  1.7

Action                   |  1- 3 |  4- 6 || total
-------------------------+-------+-------++-------
Melee: Falchion          |    93 |   203 ||   296
       Tailslap          |    14 |    35 ||    49
 Fire: Blowgun           |       |     3 ||     3
Invok: Lunge             |     2 |    12 ||    14
       Whirlwind         |       |     4 ||     4
  Use: Scroll            |     3 |       ||     3
       Potion            |       |     8 ||     8
 Stab: Sleeping          |    12 |     3 ||    15
  Eat: Chunk             |       |    10 ||    10
Armor: Skin              |    17 |    34 ||    51
Dodge: Dodged            |    53 |   130 ||   183
       Rpst.: Falchion   |    12 |    46 ||    58

Table legend:
 A = Non-vault XP
 B = Vault XP
 C = Vault XP percentage of total XP
 D = Non-vault monster count
 E = Vault monster count
 F = Vault count percentage of total count
                 A         B        C        D         E       F
            +---------+---------+-------+---------+---------+-------
      Total |     437 |     148 |  25.3 |      62 |      18 |  22.5
            +---------+---------+-------+---------+---------+-------
        D:1 |      36 |       8 |  18.2 |      17 |       4 |  19.0
        D:2 |      51 |       0 |   0.0 |      11 |       0 |   0.0
        D:3 |     170 |      21 |  11.0 |      27 |       8 |  22.9
        D:4 |     180 |       0 |   0.0 |       7 |       0 |   0.0
      Sewer |       0 |     119 | 100.0 |       0 |       6 | 100.0
            +---------+---------+-------+---------+---------+-------
